 Dungeon Crawl Stone Soup version 0.15-a0-1579-gd26fec2 (webtiles) character file.

231 Quh the Poker (level 6, -10/51 HPs)
             Began as a Hill Orc Fighter on June 19, 2014.
             Was an Initiate of Makhleb.
             Killed by divine providence
             ... invoked by an orc priest
              (12 damage)
             ... on Level 3 of the Dungeon.
             The game lasted 00:12:19 (3552 turns).

Quh the Poker (Hill Orc Fighter)                    Turns: 3552, Time: 00:12:19

HP -10/51        AC 11     Str 21      XL: 6   Next:  3%
MP   0/6         EV  6     Int  8      God: Makhleb [......]
Gold 91          SH  9     Dex 10      Spells:  0 memorised,  5 levels left

rFire  . . .     SeeInvis .     a - +0 trident
rCold  . . .     Clarity  .     b - +0 scale mail
rNeg   . . .     rCorr    .     c - +0 shield
rPois  .         rRot     .     (no helmet)
rElec  .         Spirit   +     l - +0 cloak
SustAb .         Warding  .     (no gloves)
rMut   .         Stasis   .     n - +2 pair of boots
Gourm  .                        x - amulet of guardian spirit
MR     .....                    (no ring)
                                (no ring)

@: not resistant to hostile enchantments, extremely unstealthy
A: no striking features
a: Renounce Religion, Convert to Beogh


You were on level 3 of the Dungeon.
You worshipped Makhleb.
Makhleb was noncommittal.
You were not hungry.

You visited 1 branch of the dungeon, and saw 4 of its levels.

You collected 91 gold pieces.

Inventory:

Hand weapons
 a - a +0 trident (weapon)
Missiles
 i - 61 stones (quivered)
 k - 12 arrows of frost
Armour
 b - a +0 scale mail (worn)
 c - a +0 shield (worn)
 l - a +0 cloak (worn)
 n - a +2 pair of boots (worn)
 B - a +0 cloak
Comestibles
 d - 2 meat rations
 s - a royal jelly
 t - 3 bread rations
Scrolls
 f - a scroll of enchant armour {unknown}
 h - a scroll of enchant weapon {unknown}
 j - 2 scrolls of fear {unknown}
 o - 2 scrolls of magic mapping {unknown}
 p - 3 scrolls of identify
 r - a scroll of remove curse {unknown}
 u - a scroll of noise {unknown}
 w - a scroll of immolation {unknown}
 y - a scroll of teleportation {unknown}
Jewellery
 x - an amulet of guardian spirit (around neck)
Potions
 g - a potion of curing {unknown}
 m - a potion of mutation {unknown}
 q - 2 potions of heal wounds {unknown}
 v - a potion of lignification {unknown}
 z - a potion of agility {unknown}
 A - a potion of berserk rage {unknown}
 C - a potion of invisibility


   Skills:
 - Level 3.6 Fighting
 * Level 6.6 Polearms
 - Level 0.4 Throwing
 - Level 3.2 Armour
 - Level 3.2 Shields


You had 5 spell levels left.
You didn't know any spells.

Dungeon Overview and Level Annotations

Branches:
Dungeon (4/15)
 Temple: D:4-7

Altars:
Makhleb
Qazlal


Message History

You block the orc priest's attack.
You hit the orc priest but do no damage.
The orc priest hits you but does no damage.
You hit the orc priest.
The orc priest is lightly wounded.
The orc priest hits you but does no damage.
You closely miss the orc priest.
The orc priest is lightly wounded.
The orc priest utters an invocation to Beogh.
You feel troubled.
Your shield and scale mail prevent you from hitting the orc priest.
The orc priest calls down the wrath of Beogh upon you.
Something smites you!
* * * LOW HITPOINT WARNING * * *
You barely miss the orc priest. You block the orc priest's attack.
You puncture the orc priest!
The orc priest is heavily wounded.
The orc priest calls down the wrath of Beogh upon you.
Something smites you!
You die...

.......#.................##..###.
.......#................###..#≈._
.......#.....#...o#..........'...
.......#.....#####o.....(....#≈._
.............# #........)#####.
.............#####.........##.###
.................#.........##....
......##.........#........#######
................@#........#
..'########'...o[#........#
..#........#........o.....### ###
..#.'####'.#................###..
..#.#....#.#.....................
..#.#.##.#.#.........#...........
..#.#.##.#.#.........#...........
..#.#....#.#.........#..........#
..#.'####'.#.........#..........#


You could see an orc priest.

Vanquished Creatures
  The ghost of Bloax the Changer, a weakling MfTm (D:3)
  An orc priest (D:3)
  3 gnolls (D:2)
  6 adders
  A giant mite (D:3)
  A giant gecko (D:3)
  An ooze (D:2)
  5 orcs
  7 bats
  4 giant cockroaches
  7 hobgoblins
  2 quokkas (D:3)
  2 ball pythons
  3 giant newts
  6 goblins
  6 jackals (D:2)
  5 kobolds
  6 rats
67 creatures vanquished.

Notes
Turn   | Place    | Note
--------------------------------------------------------------
     0 | D:1      | Quh, the Hill Orc Fighter, began the quest for the Orb.
     0 | D:1      | Reached XP level 1. HP: 19/19 MP: 1/1
   380 | D:1      | Reached XP level 2. HP: 24/26 MP: 2/2
   986 | D:2      | Reached XP level 3. HP: 22/31 MP: 3/3
  1165 | D:2      | Reached skill level 4 in Polearms
  1334 | D:2      | Reached XP level 4. HP: 30/39 MP: 4/4
  1355 | D:2      | HP: 1/39 [gnoll/halberd (2)]
  1357 | D:2      | Reached skill level 5 in Polearms
  2361 | D:3      | Reached XP level 5. HP: 42/45 MP: 5/5
  2477 | D:3      | Found a stormy altar of Qazlal.
  2477 | D:3      | Found a burning altar of Makhleb.
  2483 | D:3      | Became a worshipper of Makhleb the Destroyer
  2978 | D:3      | Noticed Bloax's ghost (weakling MfTm)
  2994 | D:3      | Killed Bloax's ghost
  2994 | D:3      | Reached skill level 6 in Polearms
  3546 | D:3      | Reached XP level 6. HP: 11/51 MP: 2/6
  3550 | D:3      | HP: 1/51 [orc priest/divine providence (10)]
  3552 | D:3      | Killed from afar by an orc priest

Action                   |  1- 3 |  4- 6 || total
-------------------------+-------+-------++-------
Melee: Trident           |    92 |   201 ||   293
Throw: Stone             |    19 |     9 ||    28
  Use: Potion            |       |     3 ||     3
       Scroll            |       |     1 ||     1
 Stab: Invisible         |       |     1 ||     1
